 Dungeon Crawl Stone Soup version 0.29.1-1-gd02db6906a (webtiles) character file.

Game seed: 12353383216692260482

143 safid the Shooter (level 5, -3/45 HPs)
             Began as a Minotaur Hunter on Oct 21, 2022.
             Slain by an ufetubus (5 damage)
             ... on level 4 of the Dungeon.
             The game lasted 00:04:11 (2694 turns).

safid the Shooter (Minotaur Hunter)                 Turns: 2694, Time: 00:04:11

Health: -3/45      AC:  0    Str: 15    XL:     5   Next: 4%
Magic:  13/13      EV: 12    Int:  6    God:
Gold:   179        SH:  0    Dex: 16    Spells: 4/4 levels left

rFire   . . .      SeeInvis .   a - +0 shortbow
rCold   + . .      Faith    .   (shield currently unavailable)
rNeg    . . .      Spirit   .   c - +0 leather armour
rPois   .          Reflect  .   (helmet restricted)
rElec   .          Harm     .   q - +0 cloak
rCorr   .          Rampage  .   (no gloves)
Will    .....                   (no boots)
Stlth   +.........              (no amulet)
HPRegen 0.15/turn               g - ring of magical power
MPRegen 0.13/turn               f - ring of protection from cold

@: mighty, corroded
A: horns 2, retaliatory headbutt
a: no special abilities


You were on level 4 of the Dungeon.
You visited 1 branch of the dungeon, and saw 4 of its levels.

You collected 179 gold pieces.

Inventory:

Hand Weapons
 a - a +0 shortbow (weapon)
Missiles
 s - 3 javelins
Armour
 c - a +0 leather armour (worn)
 q - a +0 cloak (worn)
Jewellery
 f - a ring of protection from cold (right hand)
 g - a ring of magical power (left hand)
 w - a ring of willpower
Scrolls
 b - a scroll of immolation
 d - 2 scrolls of teleportation {unknown}
 i - a scroll of amnesia {unknown}
 j - 5 scrolls of identify {unknown}
 n - a scroll of vulnerability {unknown}
 p - a scroll of poison {unknown}
 r - 4 scrolls of blinking {unknown}
 t - 2 scrolls of enchant armour {unknown}
 u - a scroll of brand weapon {unknown}
Potions
 e - a potion of heal wounds {unknown}
 h - a potion of flight {unknown}
 k - a potion of attraction {unknown}
 l - a potion of mutation {unknown}
 m - a potion of curing
 o - a potion of cancellation {unknown}
 v - a potion of might


   Skills:
 - Level 3.0 Fighting
 + Level 6.8 Ranged Weapons
 - Level 2.1 Dodging
 - Level 0.7 Stealth


You had 4 spell levels left.
You didn't know any spells.
Your spell library contained the following spells:

 Spells                   Type           Power      Damage    Failure   Level
 Ozocubu's Armour         Ice            0%         N/A       88%         3
 Metabolic Englaciation   Hex/Ice        0%         N/A       100%        5
 Simulacrum               Ice/Necr       0%         N/A       100%        6


Dungeon Overview and Level Annotations

Branches:
Dungeon (4/15)
 Temple: D:4-7

Altars:

Shops:
D:2 =


Innate Abilities, Weirdness & Mutations

You have a pair of horns on your head.
You reflexively headbutt those who attack you in melee.


Message History

The orc hits you with a +0 falchion. The jelly hits you but does no damage.
The orc hits you with a +0 whip of venom.
You are more poisoned.
You shoot an arrow.
The arrow completely misses the ufetubus.
You feel very sick.
The ufetubus hits you but does no damage.
The ufetubus closely misses you. The ufetubus barely misses you. x2
The orc closely misses you. The jelly hits you but does no damage.
The orc barely misses you.
You are too injured to fight recklessly!
Unknown command.
It was a potion of curing.
You feel better. The giant cockroach closely misses you.
The ufetubus hits you. x2
The giant cockroach closely misses you. The orc closely misses you.
The jelly hits you but does no damage. The orc closely misses you.
You furiously retaliate!
You headbutt the orc!
You kill the orc!
Fire: a) +0 shortbow
Press: ? - help, Q - select action, (/) - cycle Shift-Dir - straight line, f - orc, p - ufetubus
Aim: an orc, wielding a +0 falchion (64% to hit)
You shoot an arrow. The arrow hits the orc.
The orc is heavily wounded.
The ufetubus hits you but does no damage.
The ufetubus hits you.
The ufetubus hits you but does no damage. x2
The giant cockroach bites you but does no damage.
The orc hits you with a +0 falchion. The jelly hits you. The acid corrodes you!
You are splashed with acid!
* * * LOW HITPOINT WARNING * * *
It was a potion of might.
You feel very mighty all of a sudden. The ufetubus barely misses you.
The ufetubus hits you.
* * * LOW HITPOINT WARNING * * *
The giant cockroach closely misses you. The orc hits you with a +0 falchion.
* * * LOW HITPOINT WARNING * * *
The jelly barely misses you. You furiously retaliate!
You headbutt the jelly!!
You kill the jelly!
The ufetubus hits you.
You die...

## ### ## #.#
#.# #.#
....[....
#.#.#.#.#.#=#.#
......B)..?....
#@#
......5.o......
#.#.#.#.#.#.#.#
#######


You could see an orc, an ufetubus and a giant cockroach.

Vanquished Creatures
  A jelly (D:4)
  An orc wizard (D:3)
  3 adders
  2 worms
  11 orcs
  11 bats
  3 endoplasms
  3 giant cockroaches
  4 goblins
  4 hobgoblins
  5 jackals (D:1)
  2 quokkas
  4 ball pythons
  3 frilled lizards
  8 kobolds
  6 rats
71 creatures vanquished.

Notes
Turn   | Place    | Note
-------+----------+-------------------------------------------
     0 | D:1      | safid the Minotaur Hunter began the quest for the Orb.
     0 | D:1      | Reached XP level 1. HP: 18/18 MP: 0/0
   379 | D:1      | Reached XP level 2. HP: 25/25 MP: 1/1
   458 | D:1      | Reached skill level 5 in Ranged Weapons
   834 | D:1      | You fall into a shaft and drop 1 floor!
   863 | D:2      | Reached XP level 3. HP: 31/31 MP: 2/2
  1237 | D:2      | Found Qedda's Jewellery Shoppe.
  1656 | D:2      | Reached XP level 4. HP: 32/38 MP: 3/3
  1831 | D:3      | Reached skill level 6 in Ranged Weapons
  2262 | D:3      | Reached XP level 5. HP: 39/45 MP: 4/4
  2694 | D:4      | HP: 2/45 [orc/+0 falchion (3)]
  2694 | D:4      | Slain by an ufetubus

Illustrated notes

Levels and vault maps discovered:
D:1:      dpeg_arrival_rooms_with_view, layout_rooms
D:2:      layout_loops_ring, serial_shops, nicolae_diamond_shop,
          minmay_misc_feat_tiny, serial_park_tiny_1
D:3:      layout_basic, minmay_stone_trees_small
D:4:      layout_loops_cross, temple_hall, st_stairs_12, uniq_ijyb

Skill      XL: |  1  2  3  4 |
---------------+-------------+-----
Fighting       | 3 |  3.0
Ranged Weapons | 5 6 |  6.8
Dodging        | |  2.1
Stealth        | |  0.7

Action                   |  1- 3 |  4- 6 || total
-------------------------+-------+-------++-------
 Fire: Shortbow          |   125 |    75 ||   200
  Use: Potion            |       |     2 ||     2
Armor: Leather armour    |    17 |    20 ||    37
Dodge: Dodged            |    57 |    45 ||   102
